 Dungeon Crawl Stone Soup version 0.31-a0-175-g9f7f995f2b (webtiles) character file.

Game seed: 5288410954646067724

2826 qw the Cleaver (level 9, -5/57 HPs)
             Began as a Gargoyle Fighter on June 16, 2023.
             Was an Initiate of Okawaru.
             Slain by a boulder beetle (18 damage)
             ... on level 8 of the Dungeon.
             The game lasted 00:02:56 (6701 turns).

qw the Cleaver (Gargoyle Fighter)                   Turns: 6701, Time: 00:02:57

Health: -5/57      AC: 23    Str: 24    XL:     9   Next: 73%
Magic:  5/9        EV: 11    Int:  9    God:    Okawaru [......]
Gold:   136        SH:  6    Dex: 11    Spells: 8/8 levels left

rFire   + . .        Y - +2 war axe
rCold   . . .        c - +0 buckler
rNeg    + + .        f - +0 chain mail
rPois   inf          (no helmet)
rElec   +            e - +2 cloak
rCorr   .            (no gloves)
SInv    +            j - +0 pair of boots of Leapfrog {rN+}
Will    .....        n - amulet of faith
Stlth   +            h - ring of protection from fire
HPRegen 0.29/turn    q - ring of see invisible
MPRegen 0.11/turn

%: faith
@: about to teleport, heroic
A: sickness immunity, AC +6, negative energy resistance 1, electricity
resistance, torment resistance 1, petrification resistance, thin skeletal
structure 1
a: Renounce Religion


You were on level 8 of the Dungeon.
You worshipped Okawaru.
Okawaru was noncommittal.
You visited 2 branches of the dungeon, and saw 9 of its levels.

You collected 383 gold pieces.
You spent 247 gold pieces at shops.


Innate Abilities, Weirdness & Mutations

You are immune to sickness and miasma.
Your stone body is resilient. (AC +6)
You are immune to poison.
You resist negative energy. (rN+)
You are resistant to electric shocks. (rElec)
You are resistant to unholy torment.
You are immune to petrification.
You have a somewhat thin skeletal structure. (Dex +2, Stealth+)


   Skills:
 - Level 7.1(12.1) Fighting
 + Level 9.7(14.7) Axes
 - Level 5.2(10.2) Armour
 - Level 2.1(7.1) Dodging
 - Level 4.3(9.3) Shields
 - Level 0.2 Invocations


You had 8 spell levels left.
You didn't know any spells.
Your spell library was empty.

Inventory:

Hand Weapons
 o - a +0 heavy flail
 Y - a +2 war axe (weapon)
Armour
 c - a +0 buckler (worn)
 e - a +2 cloak (worn)
 f - a +0 chain mail (worn)
 j - the +0 pair of boots of Leapfrog (worn) {rN+}
   (You found it on level 6 of the Dungeon)

   rN:        It protects you from negative energy.
Jewellery
 h - a ring of protection from fire (left hand)
 n - an amulet of faith (around neck)
 q - a ring of see invisible (right hand)
Wands
 k - a wand of digging (4)
Scrolls
 a - a scroll of teleportation
 b - 5 scrolls of identify
Potions
 d - a potion of might
 i - 3 potions of haste
 l - 2 potions of resistance
 m - a potion of ambrosia {unknown}
 p - a potion of curing {unknown}

Dungeon Overview and Level Annotations

Branches:
Dungeon (8/15)             Temple (1/1) D:7
   Lair: D:8-11

Altars:
Ashenzari
Cheibriados
Dithmenos
Elyvilon
Fedhas
Gozag
Hepliaklqana
Kikubaaqudgha
Makhleb
Nemelex Xobeh
Okawaru
Qazlal
Ru
Sif Muna
Trog
Uskayaw
Vehumet
Wu Jian
Xom
Yredelemnul
Zin
The Shining One

Shops:
D:6 [

Annotations:
D:4 2 runed translucent doors


Message History

You block the boulder beetle's attack. The gnoll closely misses you.
You hit the boulder beetle.
The boulder beetle is lightly wounded.
The boulder beetle leaps!
The gnoll misses you.
Enter note:
Enter note: You see here a +2 spear of venom.
Enter note:
Enter note:
Enter note:
Enter note:
Enter note:
Enter note:
Enter note:
Enter note: The gnoll closely misses you.
Things that are here:
a +0 whip; a gnoll corpse; a killer bee corpse You slash the gnoll!
You kill the gnoll!
Okawaru accepts your kill.
The boulder beetle curls into a ball and begins rolling!
You feel like a meek peon again.
6698 ||| INVOKING Heroism.
You gain the combat prowess of a mighty hero.
You can no longer gain great but temporary skills.
The boulder beetle hits you!!
Ouch! That really hurt!
The boulder beetle stops rolling and uncurls.
6699 ||| READING 2 scrolls of teleportation.
As you read the scroll of teleportation, it crumbles to dust.
You feel strangely unstable. The boulder beetle bites you!
6700 ||| DRINKING potion of heal wounds.
You feel much better. The boulder beetle bites you!
You hit the boulder beetle.
The boulder beetle is lightly wounded.
The boulder beetle bites you!!
You die...

##.## ### #...##
#..########....##
##...#...........######
##................##...#
##......)...............#
#.......#)#..............
#.......#)#........#.....
#......@%%#.............
#.....)B................
###..................#..
#........##......###..
#........#.........##.
#......................
#./###..#..............
... #..#..............
.... ... .#...........


You could see a boulder beetle.

Vanquished Creatures
  Pikel (D:7)
  2 yaks (D:8)
  4 water moccasins
  4 ice beasts
  A sky beast (D:6)
  A black bear (D:6)
  A lemure (D:7)
  2 phantoms
  2 kobold brigands
  A bullfrog (D:8)
  A scorpion (D:4)
  2 killer bees (D:8)
  A hound (D:6)
  A jelly (D:6)
  3 gnoll boudas
  3 iguanas
  2 sleepcaps
  3 orc wizards
  18 gnolls
  6 adders
  A white imp (D:7)
  2 ufetubi
  A worm (D:5)
  A dart slug (D:1)
  8 orcs
  5 endoplasms
  3 giant cockroaches
  7 goblins
  9 hobgoblins
  7 jackals
  9 kobolds
  6 quokkas
  7 ball pythons
  3 bats
  5 frilled lizards
  4 rats
137 creatures vanquished.

Notes
Turn   | Place    | Note
-------+----------+-------------------------------------------
     0 | D:1      | qw the Gargoyle Fighter began the quest for the Orb.
     0 | D:1      | Reached XP level 1. HP: 14/14 MP: 1/1
     0 | D:1      | 0 ||| qw: Version: 0.2-a-29-g511e9b1
     0 | D:1      | 0 ||| qw: Game counter: 10
     0 | D:1      | 0 ||| qw: Always use a shield: true
     0 | D:1      | 0 ||| qw: God list: Okawaru
     0 | D:1      | 0 ||| qw: Allow faded altars: false
     0 | D:1      | 0 ||| qw: Do Orc after D:15 true
     0 | D:1      | 0 ||| qw: Do second Lair branch before Depths: true
     0 | D:1      | 0 ||| qw: Lair rune preference: random
     0 | D:1      | 0 ||| qw: Plans: Normal, Zot:1-4, Slime:5, God:TSO, Crypt,
                  | Tomb, Abyss, Pan, Hells, Win
     0 | D:1      | 0 ||| PLANNING D:1-11
    43 | D:1      | 43 ||| Stepping ~*~*~tactically~*~*~ (stealth).
    51 | D:1      | Reached skill level 2 in Axes
    75 | D:1      | 75 ||| Stepping ~*~*~tactically~*~*~ (stealth).
    86 | D:1      | Reached XP level 2. HP: 19/19 MP: 2/2
   257 | D:1      | Reached skill level 3 in Axes
   289 | D:1      | 289 ||| DROPPING +0 club.
   296 | D:1      | Reached XP level 3. HP: 23/23 MP: 3/3
   599 | D:1      | 599 ||| UPGRADING to +0 chain mail.
   609 | D:1      | 609 ||| DROPPING +0 scale mail.
   610 | D:1      | 610 ||| READING 2 scrolls labelled HOESEF NEAGRA.
   611 | D:1      | 611 ||| READING scroll labelled BUCLUL LILE.
   612 | D:1      | 612 ||| READING scroll labelled ADOSIQ ETSE.
   613 | D:1      | 613 ||| READING scroll labelled MOT HUESHRUFU.
   726 | D:2      | 726 ||| Stepping ~*~*~tactically~*~*~ (hiding).
   728 | D:2      | 728 ||| Stepping ~*~*~tactically~*~*~ (hiding).
  1138 | D:2      | 1138 ||| DROPPING ring of flight.
  1139 | D:2      | 1139 ||| READING 4 scrolls labelled KYUTONWEILEO.
  1140 | D:2      | 1140 ||| READING 2 scrolls labelled VOLENAXOSY.
  1141 | D:2      | 1141 ||| READING 3 scrolls of identify.
  1141 | D:2      | 1141 ||| IDENTIFYING bubbling sapphire potion
  1142 | D:2      | 1142 ||| READING 2 scrolls of identify.
  1142 | D:2      | 1142 ||| IDENTIFYING smoky yellow potion
  1143 | D:2      | 1143 ||| DROPPING potion of enlightenment.
  1144 | D:2      | 1144 ||| DROPPING scroll of revelation.
  1186 | D:3      | 1186 ||| STAIRDANCE
  1225 | D:3      | 1225 ||| READING scroll of enchant weapon.
  1225 | D:3      | 1225 ||| ENCHANTING +1 war axe.
  1443 | D:3      | Reached skill level 4 in Axes
  1443 | D:3      | Reached XP level 4. HP: 21/28 MP: 4/4
  1634 | D:3      | Found a glowing silver altar of Zin.
  2023 | D:3      | 2023 ||| UPGRADING to +0 cloak.
  2028 | D:3      | 2028 ||| READING 2 scrolls of enchant armour.
  2028 | D:3      | 2028 ||| ENCHANTING +0 cloak.
  2029 | D:3      | 2029 ||| READING scroll of enchant armour.
  2029 | D:3      | 2029 ||| ENCHANTING +1 cloak.
  2030 | D:3      | 2030 ||| READING scroll labelled REURAYP ICWOL.
  2031 | D:3      | 2031 ||| READING 2 scrolls of identify.
  2031 | D:3      | 2031 ||| IDENTIFYING pink potion
  2117 | D:4      | 2117 ||| STAIRDANCE
  2140 | D:4      | 2140 ||| STAIRDANCE
  2181 | D:4      | Found a large runed translucent door.
  2181 | D:4      | Found a large runed translucent door.
  2200 | D:4      | 2200 ||| Stepping ~*~*~tactically~*~*~ (stealth).
  2202 | D:4      | 2202 ||| Stepping ~*~*~tactically~*~*~ (stealth).
  2212 | D:4      | Reached XP level 5. HP: 20/32 MP: 5/5
  2224 | D:4      | Reached skill level 5 in Axes
  2341 | D:4      | 2341 ||| Stepping ~*~*~tactically~*~*~ (stealth).
  2415 | D:4      | Found a shimmering altar of Xom.
  2477 | D:4      | 2477 ||| Stepping ~*~*~tactically~*~*~ (hiding).
  2485 | D:4      | HP: 8/33 [something (5)]
  2486 | D:4      | Reached XP level 6. HP: 9/38 MP: 6/6
  2488 | D:4      | 2488 ||| FLEEEEING.
  2488 | D:4      | HP: 3/38 [something (7)]
  2489 | D:4      | 2489 ||| DRINKING potion of heal wounds.
  2829 | D:4      | 2829 ||| UPGRADING to +0 helmet.
  2834 | D:4      | 2834 ||| READING scroll labelled DAZYUXKADYTS.
  2841 | D:5      | Entered Level 5 of the Dungeon
  2971 | D:5      | Reached skill level 6 in Axes
  3019 | D:5      | Reached XP level 7. HP: 23/43 MP: 7/7
  3351 | D:5      | Found a snail-covered altar of Cheibriados.
  3734 | D:5      | Found a glowing golden altar of the Shining One.
  3740 | D:5      | 3740 ||| READING scroll labelled OHACAPNUUMO.
  3745 | D:5      | 3745 ||| READING 3 scrolls of identify.
  3745 | D:5      | 3745 ||| IDENTIFYING sedimented ruby potion
  3746 | D:5      | 3746 ||| READING 2 scrolls of identify.
  3746 | D:5      | 3746 ||| IDENTIFYING murky purple potion
  3747 | D:5      | 3747 ||| DROPPING potion of degeneration.
  3815 | D:6      | 3815 ||| Stepping ~*~*~tactically~*~*~ (stealth).
  3833 | D:6      | Reached skill level 7 in Axes
  3918 | D:6      | 3918 ||| Stepping ~*~*~tactically~*~*~ (stealth).
  3990 | D:6      | HP: 9/44 [something (3)]
  3991 | D:6      | Reached XP level 8. HP: 9/50 MP: 8/8
  3991 | D:6      | HP: 3/50 [sky beast (2)]
  4160 | D:6      | 4160 ||| DROPPING +2 whip of pain.
  4161 | D:6      | 4161 ||| DROPPING +0 whip.
  4167 | D:6      | 4167 ||| DROPPING +2 whip of flaming.
  4259 | D:6      | Identified the +0 pair of boots of Leapfrog {rN+}
  4342 | D:6      | 4342 ||| Stepping ~*~*~tactically~*~*~ (stealth).
  4418 | D:6      | Reached skill level 8 in Axes
  4705 | D:6      | Found Izuis's Antique Armour Shop.
  4713 | D:6      | 4713 ||| BUYING embroidered cloak (247 gold).
  4713 | D:6      | Bought an embroidered cloak for 247 gold pieces
  4713 | D:6      | 4713 ||| SHOPLISTING runed scale mail (231 gold, have 8).
  4860 | D:6      | 4860 ||| UPGRADING to +0 pair of boots of Leapfrog {rN+}.
  4865 | D:6      | 4865 ||| DROPPING +1 cloak of preservation.
  4866 | D:6      | 4866 ||| UPGRADING to amulet of faith.
  4871 | D:6      | 4871 ||| UPGRADING to ring of protection from fire.
  4872 | D:6      | 4872 ||| UPGRADING to ring of see invisible.
  4873 | D:6      | 4873 ||| READING scroll labelled AHEQAO ZEARODA.
  4874 | D:6      | 4874 ||| DRINKING 2 bubbling amethyst potions.
  4874 | D:6      | Gained mutation: You expend magic power (3 MP) to
                  | strengthen your wands. [potion of mutation]
  4874 | D:6      | Gained mutation: You are frail. (-10% HP) [potion of
                  | mutation]
  4874 | D:6      | Gained mutation: You have a pair of small antennae on your
                  | head. [potion of mutation]
  4875 | D:6      | 4875 ||| DROPPING +0 helmet.
  4876 | D:6      | 4876 ||| DRINKING potion of mutation.
  4876 | D:6      | Lost mutation: You are frail. (-10% HP) [potion of
                  | mutation]
  4876 | D:6      | Lost mutation: You have a pair of small antennae on your
                  | head. [potion of mutation]
  4876 | D:6      | Lost mutation: You expend magic power (3 MP) to strengthen
                  | your wands. [potion of mutation]
  4876 | D:6      | Gained mutation: You are partially covered in iridescent
                  | scales. (AC +2) [potion of mutation]
  4876 | D:6      | Lost mutation: You are partially covered in iridescent
                  | scales. (AC +2) [potion of mutation]
  4876 | D:6      | Gained mutation: You have a somewhat thin skeletal
                  | structure. (Dex +2, Stealth+) [potion of mutation]
  5047 | D:7      | Reached skill level 6 in Fighting
  5092 | D:7      | Found a hazy altar of Hepliaklqana.
  5252 | D:7      | Noticed Pikel
  5270 | D:7      | Killed Pikel
  5271 | D:7      | Reached skill level 9 in Axes
  5271 | D:7      | Reached XP level 9. HP: 14/55 MP: 9/9
  5521 | D:7      | Found a staircase to the Ecumenical Temple.
  5522 | D:7      | 5522 ||| PLANNING TEMPLE
  5530 | Temple   | Entered the Ecumenical Temple
  5648 | Temple   | 5648 ||| PLANNING OKAWARU WORSHIP
  5745 | Temple   | Became a worshipper of Warmaster Okawaru
  5746 | Temple   | 5746 ||| PLANNING D:1-11
  5823 | D:7      | 5823 ||| Stepping ~*~*~tactically~*~*~ (hiding).
  5826 | D:7      | 5826 ||| Stepping ~*~*~tactically~*~*~ (hiding).
  6461 | D:8      | 6461 ||| Stepping ~*~*~tactically~*~*~ (stealth).
  6566 | D:8      | 6566 ||| DROPPING +0 mace.
  6571 | D:8      | 6571 ||| DROPPING +0 flail.
  6660 | D:8      | Noticed a boulder beetle
  6660 | D:8      | 6660 ||| Stepping ~*~*~tactically~*~*~ (stealth).
  6661 | D:8      | 6661 ||| Stepping ~*~*~tactically~*~*~ (stealth).
  6664 | D:8      | 6664 ||| Stepping ~*~*~tactically~*~*~ (hiding).
  6665 | D:8      | 6665 ||| Stepping ~*~*~tactically~*~*~ (hiding).
  6672 | D:8      | Reached * piety under Okawaru
  6673 | D:8      | 6673 ||| INVOKING Heroism.
  6686 | D:8      | 6686 ||| INVOKING Heroism.
  6698 | D:8      | 6698 ||| INVOKING Heroism.
  6698 | D:8      | HP: 10/57 [boulder beetle (31)]
  6699 | D:8      | 6699 ||| READING 2 scrolls of teleportation.
  6699 | D:8      | HP: 2/57 [boulder beetle (9)]
  6700 | D:8      | 6700 ||| DRINKING potion of heal wounds.
  6701 | D:8      | Slain by a boulder beetle

Levels and vault maps discovered:
D:1:      dpeg_arrival_round_c, layout_basic
D:2:      layout_rooms, serial_bayou, serial_bayou_lagoon_a,
          serial_bayou_pond_d, serial_bayou_crossing, serial_bayou_pond_a,
          serial_bayou_pond_c, serial_bayou_shore_b
D:3:      layout_basic, mainiacjoe_overflow_alcove_2
D:4:      due_chaos_kobolds, layout_rooms, glass_columns_a, minmay_bent
D:5:      layout_loops_ring, slow_altar_2, tso_altar
D:6:      layout_cave_pods, serial_shops,
          nicolae_shop_competitors_out_of_business, kennysheep_dice
D:7:      layout_layer_cave, overflow_temple_1_default,
          minmay_temple_entry_stoned_glass, kennysheep_donut, uniq_pikel
D:8:      layout_cave_pools, due_lair_maze_entry_diamond
Temple:   dpeg_five_rooms_temple

Skill      XL: |  1  2  3  4  5  6  7  8  9 |
---------------+----------------------------+-----
Axes           | 2 3 4 5 6 7 9 |  9.7
Fighting       | 4 5 6 7 |  7.1
Dodging        | 2 |  2.1
Armour         | 4 5 |  5.2
Shields        | 4 |  4.3
Invocations    | |  0.2

Action                     |  1- 3 |  4- 6 |  7- 9 || total
---------------------------+-------+-------+-------++-------
  Melee: War axe           |   120 |   136 |   213 ||   469
 Invoke: Heroism           |       |       |     3 ||     3
    Use: Scroll            |     9 |     5 |     5 ||    19
         Potion            |       |     1 |     3 ||     4
 Armour: Scale mail        |    30 |       |       ||    30
         Chain mail        |    21 |    91 |   207 ||   319
  Dodge: Dodged            |    61 |    55 |   116 ||   232
  Block: Buckler           |    21 |    30 |    52 ||   103

Table legend:
 A = Non-vault XP
 B = Vault XP
 C = Vault XP percentage of total XP
 D = Non-vault monster count
 E = Vault monster count
 F = Vault count percentage of total count
                 A         B        C        D         E       F
            +---------+---------+-------+---------+---------+-------
      Total |    3028 |    1010 |  25.0 |     123 |      13 |   9.6
            +---------+---------+-------+---------+---------+-------
        D:1 |      40 |       0 |   0.0 |      24 |       0 |   0.0
        D:2 |      29 |       0 |   0.0 |      11 |       0 |   0.0
        D:3 |      90 |       0 |   0.0 |      22 |       0 |   0.0
        D:4 |     136 |     143 |  51.3 |      14 |       6 |  30.0
        D:5 |     341 |       5 |   1.4 |       9 |       1 |  10.0
        D:6 |    1034 |     108 |   9.5 |      17 |       3 |  15.0
        D:7 |     140 |     571 |  80.3 |       3 |       1 |  25.0
        D:8 |    1218 |     183 |  13.1 |      23 |       2 |   8.0
            +---------+---------+-------+---------+---------+-------
